TOP OF THE 1ST |
Rancho Cucamonga Sick Monkeys batting - Pitching for Atlantic City War Dogs : RHP Rubén Cruz
|
Pitching: RHP Rubén Cruz
|
|
Batting: LHB José Esparza
|
0-0: Called Strike 0-1: Ground out 6-3 (Groundball, 6)
|
Batting: LHB Paco Córdova
|
0-0: Swinging Strike 0-1: Ball 1-1: SINGLE (Line Drive, 89S)
|
Batting: RHB Orlando González
|
Balk! Paco Córdova to second 0-0: Called Strike 0-1: Foul Ball, location: 2F 0-2: Ball 1-2: Ball 2-2: Ball 3-2: Base on Balls
|
Batting: LHB Paul Holcomb
|
0-0: Called Strike 0-1: Called Strike 0-2: Ball 1-2: Ball 2-2: Ball 3-2: Foul Ball, location: 2F 3-2: Foul Ball, location: 2F 3-2: Strikes out looking
|
Batting: LHB Ed Ballard
|
0-0: Called Strike 0-1: Ball 1-1: Ball 2-1: Swinging Strike 2-2: Strikes out swinging
|
Top of the 1st over - 0 run(s), 1 hit(s), 0 error(s), 2 left on base; Rancho Cucamonga 0 - Atlantic City 0 |
BOTTOM OF THE 1ST |
Atlantic City War Dogs batting - Pitching for Rancho Cucamonga Sick Monkeys : LHP Pedro Castro
|
Pitching: LHP Pedro Castro
|
|
Batting: RHB Jamie Swyers
|
0-0: Called Strike 0-1: Called Strike 0-2: Ball 1-2: Strikes out swinging
|
Batting: RHB Pancho Valdés
|
0-0: Ball 1-0: SINGLE (Line Drive, 8RS)
|
Batting: RHB Marcos Liñares
|
0-0: Foul Ball, location: 2F 0-1: Foul Ball, location: 2F 0-2: Ball 1-2: Ball 2-2: Ball 3-2: Base on Balls Pancho Valdés to second
|
Batting: RHB Roberto Ybarra
|
0-0: Ball 1-0: Ball 2-0: Foul Ball, location: 2F 2-1: Foul Ball, location: 2F 2-2: Fly out, F7 (Flyball, 78M)
|
Batting: RHB Armando Vega
|
0-0: Called Strike 0-1: Swinging Strike 0-2: Ball 1-2: Fly out, F9 (Flyball, 9)
|
Bottom of the 1st over - 0 run(s), 1 hit(s), 0 error(s), 2 left on base; Rancho Cucamonga 0 - Atlantic City 0 |
TOP OF THE 2ND |
Rancho Cucamonga Sick Monkeys batting - Pitching for Atlantic City War Dogs : RHP Rubén Cruz
|
Batting: SHB Keith Hale
|
0-0: Ball 1-0: Ball 2-0: Swinging Strike 2-1: Swinging Strike 2-2: Strikes out swinging
|
Batting: RHB Roberto Quiñones
|
0-0: Called Strike 0-1: SINGLE (Flyball, 89S)
|
Batting: RHB Jeremy Davis
|
0-0: Called Strike 0-1: Ball 1-1: Swinging Strike 1-2: Strikes out swinging
|
Batting: RHB Dan McKay
|
0-0: Ball 1-0: Fly out, F9 (Flyball, 89M)
|
Top of the 2nd over - 0 run(s), 1 hit(s), 0 error(s), 1 left on base; Rancho Cucamonga 0 - Atlantic City 0 |
BOTTOM OF THE 2ND |
Atlantic City War Dogs batting - Pitching for Rancho Cucamonga Sick Monkeys : LHP Pedro Castro
|
Batting: RHB Don Jackson
|
0-0: Called Strike 0-1: SINGLE (Groundball, 56D)
|
Batting: RHB John Stevens
|
0-0: Ball 1-0: Called Strike 1-1: Foul Ball, location: 2F 1-2: Reached on error, E6 (Groundball, 6) Don Jackson to second
|
Batting: RHB Mauro Paredes
|
0-0: Foul Ball, location: 2F 0-1: Fly out, F2 (Popup, 15S)
|
Batting: RHB Pat Simms
|
0-0: Called Strike 0-1: Called Strike 0-2: Ball 1-2: Ball 2-2: Ball 3-2: Base on Balls Don Jackson to third John Stevens to second
|
Batting: RHB Jamie Swyers
|
0-0: Ball 1-0: Swinging Strike 1-1: Ball 2-1: Swinging Strike 2-2: Fly out, F7 (Flyball, 7) Runner from 3rd tags up, SCORES, no throw
|
Batting: RHB Pancho Valdés
|
0-0: Ball Wild Pitch! John Stevens to third Pat Simms to second 1-0: Called Strike 1-1: Ground out 4-3 (Groundball, 4)
|
Bottom of the 2nd over - 1 run(s), 1 hit(s), 1 error(s), 2 left on base; Rancho Cucamonga 0 - Atlantic City 1 |
TOP OF THE 3RD |
Rancho Cucamonga Sick Monkeys batting - Pitching for Atlantic City War Dogs : RHP Rubén Cruz
|
Batting: LHB José Esparza
|
0-0: Called Strike 0-1: Ball 1-1: Foul Ball, location: 2F 1-2: Strikes out swinging
|
Batting: LHB Paco Córdova
|
0-0: Swinging Strike 0-1: Ball 1-1: Foul Ball, location: 2F 1-2: Ball 2-2: DOUBLE (Flyball, 9LD)
|
Batting: RHB Orlando González
|
0-0: Ball 1-0: Foul Ball, location: 2F 1-1: Ball 2-1: Ball 3-1: Swinging Strike 3-2: Fly out, F7 (Flyball, 7)
|
Batting: LHB Paul Holcomb
|
0-0: Ball 1-0: Foul Ball, location: 2F 1-1: Foul Ball, location: 2F 1-2: Fly out, F8 (Flyball, 89M)
|
Top of the 3rd over - 0 run(s), 1 hit(s), 0 error(s), 1 left on base; Rancho Cucamonga 0 - Atlantic City 1 |
BOTTOM OF THE 3RD |
Atlantic City War Dogs batting - Pitching for Rancho Cucamonga Sick Monkeys : LHP Pedro Castro
|
Batting: RHB Marcos Liñares
|
0-0: Ball 1-0: Reached via error on a dropped throw, E3
|
Batting: RHB Roberto Ybarra
|
0-0: Ball 1-0: Ball 2-0: Fly out, F4 (Line Drive, 4)
|
Batting: RHB Armando Vega
|
0-0: Called Strike 0-1: Ball 1-1: Ball 2-1: Ball 3-1: SINGLE (Flyball, 78S) Marcos Liñares to second
|
Batting: RHB Don Jackson
|
0-0: Foul Ball, location: 2F 0-1: Ball Marcos Liñares steals 3rd base Armando Vega to second 1-1: Fly out, F8 (Flyball, 8RM) Runner from 3rd tags up, SCORES, no throw
|
Batting: RHB John Stevens
|
0-0: Ball 1-0: Foul Ball, location: 2F 1-1: Called Strike 1-2: Ball 2-2: Ground out 4-3 (Groundball, 4)
|
Bottom of the 3rd over - 1 run(s), 1 hit(s), 1 error(s), 1 left on base; Rancho Cucamonga 0 - Atlantic City 2 |
TOP OF THE 4TH |
Rancho Cucamonga Sick Monkeys batting - Pitching for Atlantic City War Dogs : RHP Rubén Cruz
|
Batting: LHB Ed Ballard
|
0-0: Ball 1-0: Foul Ball, location: 2F 1-1: Ground out 1-3 (Groundball, 13S)
|
Batting: SHB Keith Hale
|
0-0: Called Strike 0-1: Called Strike 0-2: Ball 1-2: Ball 2-2: Ground out 6-3 (Groundball, 6)
|
Batting: RHB Roberto Quiñones
|
0-0: Called Strike 0-1: Ball 1-1: Ball 2-1: Ball 3-1: Foul Ball, location: 2F 3-2: Ground out 6-3 (Groundball, 6)
|
Top of the 4th over - 0 run(s), 0 hit(s), 0 error(s), 0 left on base; Rancho Cucamonga 0 - Atlantic City 2 |
BOTTOM OF THE 4TH |
Atlantic City War Dogs batting - Pitching for Rancho Cucamonga Sick Monkeys : LHP Pedro Castro
|
Batting: RHB Mauro Paredes
|
0-0: Foul Ball, location: 2F 0-1: Ball 1-1: Foul Ball, location: 2F 1-2: Foul Ball, location: 2F 1-2: Foul Ball, location: 2F 1-2: Ball 2-2: Foul Ball, location: 2F 2-2: SINGLE (Groundball, 3D)
|
Batting: RHB Pat Simms
|
0-0: Ball 1-0: Called Strike 1-1: Called Strike 1-2: Foul Ball, location: 2F 1-2: Strikes out looking
|
Batting: RHB Jamie Swyers
|
0-0: Ball 1-0: Ball 2-0: Called Strike 2-1: Called Strike 2-2: Ball 3-2: Fly out, F8 (Flyball, 8RD)
|
Pitching: RHP Héctor Fabián
|
|
Batting: RHB Pancho Valdés
|
0-0: Ball Mauro Paredes is caught stealing 2nd base
|
Bottom of the 4th over - 0 run(s), 1 hit(s), 0 error(s), 0 left on base; Rancho Cucamonga 0 - Atlantic City 2 |
TOP OF THE 5TH |
Rancho Cucamonga Sick Monkeys batting - Pitching for Atlantic City War Dogs : RHP Rubén Cruz
|
Batting: RHB Jeremy Davis
|
0-0: Foul Ball, location: 2F 0-1: Ball 1-1: Swinging Strike 1-2: Ground out 6-3 (Groundball, 6)
|
Batting: RHB Dan McKay
|
0-0: Foul Ball, location: 2F 0-1: Ball 1-1: Fly out, F7 (Flyball, 78S)
|
Batting: LHB José Esparza
|
0-0: Called Strike 0-1: Ground out 5-3 (Groundball, 56)
|
Top of the 5th over - 0 run(s), 0 hit(s), 0 error(s), 0 left on base; Rancho Cucamonga 0 - Atlantic City 2 |
BOTTOM OF THE 5TH |
Atlantic City War Dogs batting - Pitching for Rancho Cucamonga Sick Monkeys : RHP Héctor Fabián
|
Batting: RHB Pancho Valdés
|
0-0: Ball 1-0: Foul Ball, location: 2F 1-1: Ball 2-1: SINGLE (Groundball, 6MD)
|
Batting: RHB Marcos Liñares
|
0-0: Ball Pancho Valdés is caught stealing 2nd base 1-0: Called Strike 1-1: Fly out, F5 (Popup, 5S)
|
Batting: RHB Roberto Ybarra
|
0-0: SINGLE (Groundball, 6MD)
|
Batting: RHB Armando Vega
|
0-0: Called Strike 0-1: Swinging Strike 0-2: Strikes out looking
|
Bottom of the 5th over - 0 run(s), 2 hit(s), 0 error(s), 1 left on base; Rancho Cucamonga 0 - Atlantic City 2 |
TOP OF THE 6TH |
Rancho Cucamonga Sick Monkeys batting - Pitching for Atlantic City War Dogs : RHP Rubén Cruz
|
Batting: LHB Paco Córdova
|
0-0: Swinging Strike 0-1: Ball 1-1: Called Strike 1-2: Strikes out swinging
|
Pitching: RHP Bernardo Herrera
|
|
Batting: RHB Orlando González
|
0-0: Ball 1-0: Called Strike 1-1: Ball 2-1: Ball 3-1: Base on Balls
|
Batting: LHB Paul Holcomb
|
0-0: Called Strike 0-1: Ground out 3-1 (Groundball, 34) Orlando González to second
|
Batting: LHB Ed Ballard
|
0-0: Swinging Strike 0-1: Ball 1-1: Ball 2-1: Ball 3-1: Base on Balls
|
Batting: SHB Keith Hale
|
0-0: Ball 1-0: Called Strike 1-1: Swinging Strike 1-2: Strikes out looking
|
Top of the 6th over - 0 run(s), 0 hit(s), 0 error(s), 2 left on base; Rancho Cucamonga 0 - Atlantic City 2 |
BOTTOM OF THE 6TH |
Atlantic City War Dogs batting - Pitching for Rancho Cucamonga Sick Monkeys : RHP Héctor Fabián
|
Batting: RHB Don Jackson
|
0-0: Swinging Strike 0-1: Foul Ball, location: 2F 0-2: Ground out 5-3 (Groundball, 56S)
|
Batting: RHB John Stevens
|
0-0: Ball 1-0: Ball 2-0: Ball 3-0: Base on Balls
|
Batting: RHB Mauro Paredes
|
0-0: Ball 1-0: Foul Ball, location: 2F 1-1: Ball 2-1: Called Strike 2-2: Ball 3-2: Foul Ball, location: 2F 3-2: Fielders Choice at 2nd, 6-4 (Groundball, 6D)
|
Batting: RHB Pat Simms
|
0-0: Ball 1-0: Ball 2-0: Foul Ball, location: 2F 2-1: Fly out, F8 (Flyball, 8LD)
|
Bottom of the 6th over - 0 run(s), 0 hit(s), 0 error(s), 1 left on base; Rancho Cucamonga 0 - Atlantic City 2 |
TOP OF THE 7TH |
Rancho Cucamonga Sick Monkeys batting - Pitching for Atlantic City War Dogs : RHP Bernardo Herrera
|
Batting: RHB Roberto Quiñones
|
0-0: Ball 1-0: Ball 2-0: Ground out 5-3 (Groundball, 56)
|
Batting: RHB Jeremy Davis
|
0-0: Called Strike 0-1: Ball 1-1: Ground out 1-3 (Groundball, 13)
|
Batting: RHB Dan McKay
|
0-0: Called Strike 0-1: SINGLE (Groundball, 56D)
|
Batting: LHB José Esparza
|
0-0: Ball 1-0: Called Strike 1-1: Ball 2-1: Fly out, F3 (Line Drive, 3S)
|
Top of the 7th over - 0 run(s), 1 hit(s), 0 error(s), 1 left on base; Rancho Cucamonga 0 - Atlantic City 2 |
BOTTOM OF THE 7TH |
Atlantic City War Dogs batting - Pitching for Rancho Cucamonga Sick Monkeys : RHP Héctor Fabián
|
Batting: RHB Jamie Swyers
|
0-0: Foul Ball, location: 2F 0-1: Ball 1-1: Ball 2-1: Ball 3-1: Called Strike 3-2: Strikes out looking
|
Batting: RHB Pancho Valdés
|
0-0: SINGLE (Line Drive, 56D)
|
Batting: RHB Marcos Liñares
|
0-0: Called Strike 0-1: Ball 1-1: Foul Ball, location: 2F 1-2: Ball 2-2: Fly out, F8 (Flyball, 8RM)
|
Batting: RHB Roberto Ybarra
|
0-0: Ball Throwing error on steal attempt, E2 Pancho Valdés to third 1-0: Intentional Walk
|
Pinch Hitting: LHB Patrick Ferguson
|
0-0: Ball 1-0: Called Strike 1-1: Ball 2-1: Fielders Choice at 2nd, 6-4 (Groundball, 6)
|
Bottom of the 7th over - 0 run(s), 1 hit(s), 1 error(s), 1 left on base; Rancho Cucamonga 0 - Atlantic City 2 |
TOP OF THE 8TH |
Rancho Cucamonga Sick Monkeys batting - Pitching for Atlantic City War Dogs : RHP Bernardo Herrera
|
Now at 3B: Jerome Cuevas
|
|
Batting: LHB Paco Córdova
|
0-0: Ball 1-0: Foul Ball, location: 2F 1-1: Ground out 6-3 (Groundball, 6)
|
Batting: RHB Orlando González
|
0-0: Called Strike 0-1: Fly out, F8 (Flyball, 8RS)
|
Batting: LHB Paul Holcomb
|
0-0: Called Strike 0-1: Foul Ball, location: 2F 0-2: Ball 1-2: Ball 2-2: Foul Ball, location: 2F 2-2: Foul Ball, location: 2F 2-2: Ball 3-2: SINGLE (Line Drive, 56D)
|
Pitching: LHP Anthony Blackwell
|
|
Batting: LHB Ed Ballard
|
0-0: Called Strike 0-1: Hit by Pitch Paul Holcomb to second
|
Pinch Hitting: RHB Francisco Domínguez
|
0-0: Foul Ball, location: 2F 0-1: Foul Ball, location: 2F 0-2: Foul Ball, location: 2F 0-2: Ball 1-2: Fly out, F7 (Flyball, 78D)
|
Top of the 8th over - 0 run(s), 1 hit(s), 0 error(s), 2 left on base; Rancho Cucamonga 0 - Atlantic City 2 |
BOTTOM OF THE 8TH |
Atlantic City War Dogs batting - Pitching for Rancho Cucamonga Sick Monkeys : RHP Héctor Fabián
|
Now at 3B: Francisco Domínguez
|
|
Batting: RHB Don Jackson
|
0-0: Called Strike 0-1: Ground out 6-3 (Groundball, 6)
|
Batting: RHB John Stevens
|
0-0: Ball 1-0: Foul Ball, location: 2F 1-1: Ground out U3 (Groundball, 34S)
|
Pitching: RHP Carlos Domínguez
|
|
Batting: RHB Mauro Paredes
|
0-0: Fly out, F8 (Flyball, 8LS)
|
Bottom of the 8th over - 0 run(s), 0 hit(s), 0 error(s), 0 left on base; Rancho Cucamonga 0 - Atlantic City 2 |
TOP OF THE 9TH |
Rancho Cucamonga Sick Monkeys batting - Pitching for Atlantic City War Dogs : LHP Anthony Blackwell
|
Pitching: RHP Pedro Luque
|
|
Batting: RHB Roberto Quiñones
|
0-0: Ball 1-0: Called Strike 1-1: Foul Ball, location: 2F 1-2: Fly out, F3 (Popup, 34)
|
Batting: RHB Jeremy Davis
|
0-0: Called Strike 0-1: Foul Ball, location: 2F 0-2: Ball 1-2: Strikes out swinging
|
Batting: RHB Dan McKay
|
0-0: Ball 1-0: Ground out 6-3 (Groundball, 6)
|
Top of the 9th over - 0 run(s), 0 hit(s), 0 error(s), 0 left on base; Rancho Cucamonga 0 - Atlantic City 2 |
|